 Dungeon Crawl Stone Soup version 0.30-a0-570-g486de37d69 (webtiles) character file.

Game seed: 8169650773952201603

64078 gruber the Thaumaturge (level 15, -22/115 HPs)
             Began as a Gnoll Ice Elementalist on Dec 28, 2022.
             Was an Initiate of Gozag.
             Killed from afar by Jorgrun (72 damage)
             ... with an iron shot
             ... on level 1 of the Orcish Mines on Dec 29, 2022.
             The game lasted 00:40:24 (22674 turns).

gruber the Thaumaturge (Gnoll Ice Elementalist)    Turns: 22674, Time: 00:40:25

Health: -22/115    AC: 17    Str: 20    XL:     15   Next: 11%
Magic:  16/30      EV: 14    Int: 20    God:    Gozag
Gold:   3942       SH:  0    Dex: 14    Spells: 24/36 levels left

rFire   + . .      SeeInvis .    x - +7 short sword (speed)
rCold   + . .      Faith    .    (no shield)
rNeg    . . .      Spirit   .    H - +1 robe {rC+ rF+}
rPois   .          Reflect  .    Q - +0 hat {Stlth+}
rElec   .          Harm     .    t - +0 cloak
rCorr   .          Rampage  .    a - +0 pair of gloves
Will    +....                    P - +0 pair of boots
Stlth   ++++++                   M - amulet of regeneration
HPRegen 1.19/turn                J - +6 ring of strength
MPRegen 0.22/turn                k - +6 ring of strength

@: ice-armoured, grasped by roots, gold aura, freezing walls, constricted
A: fangs 1, strong nose, distributed training
a: Renounce Religion, Potion Petition, Call Merchant, Bribe Branch


You were on level 1 of the Orcish Mines.
You worshipped Gozag.
Gozag was most pleased with you.
You visited 4 branches of the dungeon, and saw 18 of its levels.

You collected 5012 gold pieces.
You paid 1070 gold pieces to Gozag.

Inventory:

Hand Weapons
 x - a +7 short sword of speed (weapon)
 O - a +3 double sword of holy wrath
Missiles
 g - 45 poisoned darts
Armour
 a - a +0 pair of gloves (worn)
 t - a +0 cloak (worn)
 H - a +1 robe of resistance (worn)
 K - a +1 leather armour of poison resistance
 P - a +0 pair of boots (worn)
 Q - a +0 hat of stealth (worn)
Jewellery
 k - a +6 ring of strength (right hand)
 G - a ring of see invisible
 J - a +6 ring of strength (left hand)
 M - an amulet of regeneration (around neck)
Wands
 p - a wand of polymorph (11)
 y - a wand of mindburst (9)
 D - a wand of digging (3)
 L - a wand of quicksilver (6)
 S - a wand of flame (9)
Scrolls
 c - 5 scrolls of fear {unknown}
 f - a scroll of blinking {unknown}
 i - 6 scrolls of fog {unknown}
 n - 3 scrolls of immolation
 o - 4 scrolls of teleportation {unknown}
 r - 6 scrolls of noise {unknown}
 s - 3 scrolls of magic mapping {unknown}
 u - 4 scrolls of enchant weapon {unknown}
 w - 6 scrolls of vulnerability {unknown}
 B - 3 scrolls of brand weapon {unknown}
 C - 4 scrolls of poison {unknown}
Potions
 b - 2 potions of magic
 d - 3 potions of might
 h - 10 potions of heal wounds
 j - 9 potions of ambrosia
 l - 2 potions of berserk rage
 q - 6 potions of attraction
 v - 5 potions of lignification
 z - 3 potions of brilliance
 A - 2 potions of haste
 E - 5 potions of curing
 I - a potion of invisibility
 N - 3 potions of flight
 R - 3 potions of cancellation


   Skills:
 + Level 10.2 Fighting
 + Level 10.2 Short Blades
 + Level 10.2 Long Blades
 + Level 10.2 Axes
 + Level 10.2 Maces & Flails
 + Level 10.2 Polearms
 + Level 10.2 Staves
 + Level 10.2 Ranged Weapons
 + Level 10.2 Throwing
 + Level 10.2 Armour
 + Level 11.1 Dodging
 + Level 11.0 Stealth
 + Level 10.2 Shields
 + Level 10.2 Unarmed Combat
 + Level 11.3 Spellcasting
 + Level 8.5 Conjurations
 + Level 8.5 Hexes
 + Level 8.5 Summonings
 + Level 8.5 Necromancy
 + Level 8.5 Translocations
 + Level 8.5 Transmutations
 + Level 8.5 Fire Magic
 + Level 11.1 Ice Magic
 + Level 8.5 Air Magic
 + Level 8.5 Earth Magic
 + Level 8.5 Poison Magic
 + Level 11.1 Invocations
 + Level 10.2 Evocations


You had 24 spell levels left.
You knew the following spells:

 Your Spells              Type           Power      Damage    Failure   Level
a - Freeze                Ice            100%       1d10      1%          1
b - Frozen Ramparts       Ice            100%       1d16      1%          3
c - Ozocubu's Armour      Ice            54%        N/A       1%          3
d - Freezing Cloud        Conj/Ice/Air   24%        6-21      3%          5

Your spell library contained the following spells:

 Spells                   Type           Power      Damage    Failure   Level
 Beastly Appendage        Tmut           90%        N/A       1%          1
 Shock                    Conj/Air       100%       1d9       1%          1
 Slow                     Hex            100%       N/A       1%          1
 Blink                    Tloc           90%        N/A       1%          2
 Wereblood                Tmut           45%        N/A       1%          2
 Confusing Touch          Hex            45%        N/A       1%          3
 Hailstorm                Conj/Ice       50%        3d11      1%          3
 Ignite Poison            Fire/Tmut/Pois 45%        N/A       1%          3
 Inner Flame              Hex/Fire       45%        N/A       1%          3
 Kindle Blastsparks       Fire/Tloc/Air  90%        2d17      1%          3
 Portal Projectile        Hex/Tloc       90%        N/A       1%          3
 Spider Form              Tmut/Pois      45%        N/A       1%          3
 Swiftness                Air            45%        N/A       1%          3
 Tukima's Dance           Hex            45%        N/A       1%          3
 Vampiric Draining        Necr           45%        2d9       1%          3
 Airstrike                Air            22%        2d(4-20)  1%          4
 Flame Wave               Conj/Fire      45%        2d12      1%          4
 Ice Form                 Ice/Tmut       50%        N/A       1%          4
 Leda's Liquefaction      Hex/Erth       22%        N/A       1%          4
 Manifold Assault         Tloc           45%        N/A       1%          4
 Passage of Golubria      Tloc           45%        N/A       1%          4
 Sticky Flame             Conj/Fire      45%        2d6       1%          4
 Summon Ice Beast         Ice/Summ       50%        N/A       1%          4
 Blade Hands              Tmut           22%        N/A       4%          5
 Lee's Rapid Deconstruct  Erth           22%        3d13*     4%          5
 Yara's Violent Unravell  Hex/Tmut       22%        3d10      4%          5
 Statue Form              Tmut/Erth      30%        N/A       28%         6
 Storm Form               Tmut/Air       22%        N/A       83%         7
 Ignition                 Fire           22%        3d8       100%        8
 Polar Vortex             Ice            27%        N/A       100%        9
 Simulacrum               Ice/Necr       Unusable   N/A       N/A         6

Dungeon Overview and Level Annotations

Branches:
Dungeon (11/15)            Temple (1/1) D:6            Lair (5/5) D:8
 Shoals (0/4) Lair:2        Snake (0/4) Lair:3        Slime (0/5) Lair:4
    Orc (1/2) D:9

Altars:
Ashenzari
Cheibriados
Dithmenos
Elyvilon
Fedhas
Gozag
Hepliaklqana
Kikubaaqudgha
Makhleb
Nemelex Xobeh
Okawaru
Qazlal
Ru
Sif Muna
Trog
Uskayaw
Vehumet
Wu Jian
Xom
Yredelemnul
Zin
The Shining One

Shops:
D:5 ?   D:7 ?   Orc:1 *

Annotations:
Lair:1 2 transporters
Lair:4 2 runed translucent doors, Ikikoito's ghost, journeyman TrFi
Orc:1 Jorgrun


Innate Abilities, Weirdness & Mutations

You have very sharp teeth.
Your uncanny sense of smell can sniff out nearby items.
Your experience applies equally to all skills.


Message History

The grasping roots constrict you!!
The roots grasp on you weakens, but your attempt to escape fails.
Jorgrun is engulfed in freezing vapours.
The grasping roots constrict you!
An orc comes into view. It is wielding a +0 flail.
You escape the roots grasp.
An orc warrior comes into view.
It is wielding a +1 war axe of distortion.
Jorgrun is engulfed in freezing vapours.
Jorgrun casts a spell at you. The iron shot hits you!!
The orc knight is engulfed in freezing vapours.
Unknown command.
Unknown command.
Casting: Freezing Cloud (dangerous; 3% risk of failure)
Confirm with . or Enter, or press ? or * to list all spells.
A film of ice covers your body!
Jorgrun is engulfed in freezing vapours.
Jorgrun points at you and mumbles some strange words.
Roots burst forth from the earth!
The grasping roots grab you! The grasping roots constrict you.
The orc knight is engulfed in freezing vapours.
The orc knight barely misses you.
The orc throws a boomerang.
The boomerang completely misses you.
Unknown command.
Unknown command.
Unknown command.
Casting: Ozocubu's Armour (safe; 1% risk of failure)
Confirm with . or Enter, or press ? or * to list all spells.
Casting: Frozen Ramparts (safe; 1% risk of failure)
Press: ? - help, Dir - look around, f - activate The walls around you are covered in ice.
Jorgrun is engulfed in freezing vapours.
The wall freezes Jorgrun!
Jorgrun says, "Tha earth be me home, an' ye be trespassing!"
Jorgrun points at you and mumbles some strange words.
The iron shot hits you!!!!
Ouch! That really hurt!
You die...
Your body crumbles into a pile of gold. ... ## ... ..## ... #oo

..... .... #§#
.....
#.....##○##o....
#.....#§§#§o....
#....#☼g§§o§...
#.....§@o§○....
#.......§.§#.#.
####....§§##
##....####
###........#
##.......$....#
##.....###......
##.....## .....#
#.....#.# ......


You could see Jorgrun, an orc knight, 2 orc warriors and 3 orcs.

Vanquished Creatures
  Gastronok (Lair:2)
  3 hydras
  An ice dragon (Lair:5)
  3 catoblepae (Lair:5)
  A two-headed ogre (D:9)
  34 death yaks
  Urug (Lair:2)
  Nergalle (Orc:1)
  Lodul (D:10)
  Pikel (D:4)
  2 cyclopes
  3 manticores
  15 elephants
  3 black mambas
  9 cane toads
  A torpor snail (Lair:5)
  A gargoyle (D:11)
  3 rime drakes
  8 komodo dragons
  A queen bee (D:9)
  A troll (D:10)
  3 polar bears (Lair:5)
  5 blink frogs (Lair:4)
  12 dream sheep (Lair:5)
  A jumping spider (Lair:5)
  Sigmund (D:2)
  2 basilisks
  7 wyverns
  54 yaks
  A steam dragon (Lair:1)
  A warg (Orc:1)
  8 nagas (Lair:3)
  An acid dragon (D:9)
  9 water moccasins
  Duvessa (D:4)
  5 orc warriors
  10 ice beasts
  9 ogres
  2 black bears (D:6)
  2 sky beasts (D:7)
  6 wolves
  5 centaurs
  4 kobold brigands
  10 bullfrogs
  A gnoll sergeant (D:10)
  2 scorpions
  13 wights
  Dowan (D:4)
  20 killer bees
  2 howler monkeys
  A jelly (D:4)
  Crazy Yiuf (D:3)
  A gnoll bouda (D:9)
  6 orc priests
  3 hounds
  Jessica (D:3)
  Terence (D:2)
  3 iguanas
  5 orc wizards
  Natasha (thrice) (D:2)
  5 hell rats (Lair:4)
  12 gnolls
  9 adders
  A shadow imp (D:6)
  A white imp (D:7)
  A worm (D:2)
  A dart slug (D:1)
  38 orcs
  3 ball pythons
  6 bats
  4 endoplasms
  4 giant cockroaches (D:1)
  3 goblins
  9 hobgoblins
  3 jackals (D:5)
  2 quokkas (D:3)
  3 frilled lizards
  17 kobolds
  6 rats
  A bush (Lair:5)
  A butterfly (D:6)
447 creatures vanquished.

Vanquished Creatures (others)
  A bush (Lair:5)
  23 fungi
  39 plants
  5 toadstools (D:3)
68 creatures vanquished.

Grand Total: 515 creatures vanquished

Notes
Turn   | Place    | Note
-------+----------+-------------------------------------------
     0 | D:1      | gruber the Gnoll Ice Elementalist began the quest for the
                  | Orb.
     0 | D:1      | Reached XP level 1. HP: 13/13 MP: 6/6
   146 | D:1      | Found a faded altar of an unknown god.
   245 | D:1      | Reached XP level 2. HP: 13/19 MP: 4/7
   655 | D:1      | Reached skill level 5 in Spellcasting
   655 | D:1      | Reached XP level 3. HP: 10/25 MP: 5/9
   659 | D:1      | Learned a level 3 spell: Frozen Ramparts
   663 | D:1      | Learned a level 3 spell: Ozocubu's Armour
   726 | D:1      | Reached skill level 1 in Invocations
  1008 | D:2      | Noticed Natasha
  1038 | D:1      | Reached skill level 1 in Fighting
  1038 | D:1      | Reached skill level 1 in Short Blades
  1038 | D:1      | Reached skill level 1 in Long Blades
  1038 | D:1      | Reached skill level 1 in Axes
  1038 | D:1      | Reached skill level 1 in Maces & Flails
  1038 | D:1      | Reached skill level 1 in Polearms
  1038 | D:1      | Reached skill level 1 in Staves
  1038 | D:1      | Reached skill level 1 in Ranged Weapons
  1038 | D:1      | Reached skill level 1 in Throwing
  1038 | D:1      | Reached skill level 1 in Armour
  1038 | D:1      | Reached skill level 1 in Shields
  1038 | D:1      | Reached skill level 1 in Unarmed Combat
  1038 | D:1      | Reached skill level 1 in Evocations
  1121 | D:2      | Reached XP level 4. HP: 31/32 MP: 7/11
  1215 | D:2      | Noticed Terence
  1221 | D:2      | Killed Terence
  1222 | D:2      | Reached skill level 1 in Conjurations
  1222 | D:2      | Reached skill level 1 in Hexes
  1222 | D:2      | Reached skill level 1 in Summonings
  1222 | D:2      | Reached skill level 1 in Necromancy
  1222 | D:2      | Reached skill level 1 in Translocations
  1222 | D:2      | Reached skill level 1 in Transmutations
  1222 | D:2      | Reached skill level 1 in Fire Magic
  1222 | D:2      | Reached skill level 1 in Air Magic
  1222 | D:2      | Reached skill level 1 in Earth Magic
  1222 | D:2      | Reached skill level 1 in Poison Magic
  1403 | D:2      | Killed Natasha
  1404 | D:2      | Reached XP level 5. HP: 30/37 MP: 8/12
  1459 | D:2      | Noticed Sigmund
  1475 | D:2      | Killed Sigmund
  1476 | D:2      | Reached skill level 5 in Dodging
  1476 | D:2      | Reached XP level 6. HP: 27/44 MP: 1/14
  1592 | D:2      | Found an ancient bone altar of Kikubaaqudgha.
  1593 | D:2      | Noticed Natasha
  1608 | D:2      | Killed Natasha
  1857 | D:2      | Noticed Natasha
  1866 | D:2      | Killed Natasha
  2142 | D:3      | Found a white marble altar of Elyvilon.
  2225 | D:3      | Found a blossoming altar of Fedhas.
  2846 | D:3      | Noticed Jessica
  2849 | D:3      | Killed Jessica
  2850 | D:3      | Reached XP level 7. HP: 51/51 MP: 8/15
  3219 | D:3      | Found a runed translucent door.
  3220 | D:3      | Noticed Crazy Yiuf
  3233 | D:3      | Killed Crazy Yiuf
  3494 | D:4      | Noticed Dowan
  3495 | D:4      | Noticed Duvessa
  3496 | D:4      | Found a broken altar of Ashenzari.
  3501 | D:4      | Killed Duvessa
  3502 | D:4      | Reached skill level 5 in Stealth
  3521 | D:4      | Killed Dowan
  3727 | D:4      | Noticed Pikel
  3741 | D:4      | Killed Pikel
  3742 | D:4      | Reached XP level 8. HP: 58/58 MP: 10/17
  4229 | D:5      | Entered Level 5 of the Dungeon
  4583 | D:5      | Found Giafaeps's Magic Scroll Shop.
  5056 | D:6      | Found a staircase to the Ecumenical Temple.
  5134 | D:6      | Reached XP level 9. HP: 62/65 MP: 11/18
  6060 | D:7      | Found Ofriph's Magic Scroll Boutique.
  6682 | D:7      | Reached skill level 5 in Invocations
  7066 | Temple   | Entered the Ecumenical Temple
  7071 | Temple   | Became a worshipper of Gozag Ym Sagoz the Greedy
  7456 | D:8      | Reached skill level 5 in Fighting
  7456 | D:8      | Reached skill level 5 in Short Blades
  7456 | D:8      | Reached skill level 5 in Long Blades
  7456 | D:8      | Reached skill level 5 in Axes
  7456 | D:8      | Reached skill level 5 in Maces & Flails
  7456 | D:8      | Reached skill level 5 in Polearms
  7456 | D:8      | Reached skill level 5 in Staves
  7456 | D:8      | Reached skill level 5 in Ranged Weapons
  7456 | D:8      | Reached skill level 5 in Throwing
  7456 | D:8      | Reached skill level 5 in Armour
  7456 | D:8      | Reached skill level 5 in Shields
  7456 | D:8      | Reached skill level 5 in Unarmed Combat
  7456 | D:8      | Reached skill level 5 in Evocations
  7456 | D:8      | Reached XP level 10. HP: 67/74 MP: 20/20
  7920 | D:8      | Found a staircase to the Lair.
  8100 | D:8      | Found a hide-covered altar of Uskayaw.
  8100 | D:8      | Found an ancient bone altar of Kikubaaqudgha.
  8100 | D:8      | Found a burning altar of Makhleb.
  8100 | D:8      | Found a glowing golden altar of the Shining One.
  8107 | D:8      | Found a sparkling altar of Nemelex Xobeh.
  8112 | D:8      | Found an iron altar of Okawaru.
  8527 | D:9      | Noticed a manticore
  8547 | D:9      | Killed a manticore
  8960 | D:9      | Noticed a cyclops
  8979 | D:9      | Killed a cyclops
  9053 | D:9      | Found a radiant altar of Vehumet.
  9070 | D:9      | Reached skill level 5 in Conjurations
  9070 | D:9      | Reached skill level 5 in Hexes
  9070 | D:9      | Reached skill level 5 in Summonings
  9070 | D:9      | Reached skill level 5 in Necromancy
  9070 | D:9      | Reached skill level 5 in Translocations
  9070 | D:9      | Reached skill level 5 in Transmutations
  9070 | D:9      | Reached skill level 5 in Fire Magic
  9070 | D:9      | Reached skill level 5 in Air Magic
  9070 | D:9      | Reached skill level 5 in Earth Magic
  9070 | D:9      | Reached skill level 5 in Poison Magic
  9070 | D:9      | Reached XP level 11. HP: 81/81 MP: 18/22
  9397 | D:9      | Found a staircase to the Orcish Mines.
  9948 | D:9      | Noticed a two-headed ogre
  9959 | D:9      | Killed a two-headed ogre
 10692 | D:10     | Entered Level 10 of the Dungeon
 10810 | D:10     | Noticed Lodul
 11033 | D:10     | Killed Lodul
 11094 | D:10     | Found a shimmering altar of Xom.
 12319 | Lair:1   | Entered Level 1 of the Lair of Beasts
 12326 | Lair:1   | Learned a level 5 spell: Freezing Cloud
 12619 | Lair:1   | Reached XP level 12. HP: 75/91 MP: 16/24
 12886 | Lair:1   | Found a transporter.
 12942 | Lair:1   | Found a transporter.
 12943 | Lair:1   | Noticed a boulder beetle
 13261 | Lair:2   | Found a staircase to the Shoals.
 13367 | Lair:2   | Noticed a death yak
 13368 | Lair:2   | Noticed a death yak
 13411 | Lair:2   | Killed a death yak
 13475 | Lair:2   | Noticed Urug
 13526 | Lair:2   | Killed Urug
 13989 | Lair:2   | Noticed Gastronok
 14211 | Lair:2   | Noticed a death yak
 14218 | Lair:2   | Killed a death yak
 14226 | Lair:2   | Killed a death yak
 14737 | Lair:2   | Killed Gastronok
 15241 | Lair:3   | Upgraded the game from 0.30-a0-567-gf7fd966b4a to
                  | 0.30-a0-570-g486de37d69
 15446 | Lair:3   | Reached XP level 13. HP: 80/98 MP: 18/26
 15599 | Lair:3   | Reached skill level 10 in Ice Magic
 16392 | Lair:3   | Found a staircase to the Snake Pit.
 17089 | Lair:4   | Found a runed translucent door.
 17117 | Lair:4   | Found a runed translucent door.
 17126 | Lair:4   | Noticed Ikikoito's ghost (journeyman TrFi)
 17329 | Lair:4   | Reached skill level 10 in Spellcasting
 17762 | Lair:4   | Reached skill level 10 in Dodging
 18345 | Lair:4   | Found a staircase to the Slime Pits.
 18731 | Lair:5   | Entered Level 5 of the Lair of Beasts
 18960 | Lair:5   | Reached skill level 10 in Stealth
 18972 | Lair:5   | Reached skill level 10 in Invocations
 18972 | Lair:5   | Reached XP level 14. HP: 104/108 MP: 8/28
 19411 | Lair:5   | Found a frozen archway.
 20109 | Lair:5   | Noticed Nessos
 20110 | Lair:5   | Nessos changed into Nessos the jumping spider
 20110 | Lair:5   | Noticed Nessos
 20124 | Lair:5   | Killed Nessos the jumping spider
 20885 | Lair:5   | Reached skill level 10 in Fighting
 20885 | Lair:5   | Reached skill level 10 in Short Blades
 20885 | Lair:5   | Reached skill level 10 in Long Blades
 20885 | Lair:5   | Reached skill level 10 in Axes
 20885 | Lair:5   | Reached skill level 10 in Maces & Flails
 20885 | Lair:5   | Reached skill level 10 in Polearms
 20885 | Lair:5   | Reached skill level 10 in Staves
 20885 | Lair:5   | Reached skill level 10 in Ranged Weapons
 20885 | Lair:5   | Reached skill level 10 in Throwing
 20885 | Lair:5   | Reached skill level 10 in Armour
 20885 | Lair:5   | Reached skill level 10 in Shields
 20885 | Lair:5   | Reached skill level 10 in Unarmed Combat
 20885 | Lair:5   | Reached skill level 10 in Evocations
 21594 | Lair:5   | Reached XP level 15. HP: 54/115 MP: 17/30
 22573 | Orc:1    | Entered Level 1 of the Orcish Mines
 22575 | Orc:1    | Found Adaeloe's General Store.
 22579 | Orc:1    | Noticed Nergalle
 22587 | Orc:1    | Killed Nergalle
 22667 | Orc:1    | Noticed Jorgrun
 22674 | Orc:1    | Killed from afar by Jorgrun

Illustrated notes

Levels and vault maps discovered:
D:1:      matt_arrival_refuge, layout_loops_ring, basic_ecumenical_altar,
          grunt_decor_resistance, chequers_serial_rivers_micro_c,
          minmay_worlds_worst_comb
D:2:      layout_rooms, basic_altar, uniq_terence, uniq_natasha, uniq_sigmund
D:3:      layout_basic, elyvilon_altar_1, mainiacjoe_overflow_24_doors,
          minmay_gold_behind_fungi, uniq_jessica, uniq_crazy_yiuf_cottage
D:4:      layout_loops_ring, evilmike_ruin_ashenzari, hangedman_decor_riveting,
          uniq_duvessa, uniq_pikel
D:5:      layout_loops_ring, serial_shops, shop
D:6:      layout_cave_pools, minmay_temple_entry_butterflies
D:7:      layout_basic, serial_shops, nicolae_shop_waterfront
D:8:      layout_loops_ring, minmay_overflow_temple_hex, hellmonk_lair_entry_icy
D:9:      layout_basic, mainiacjoe_overflow_cross_hatched, david_orc_5,
          nrook_loot_triangle, minivault_7
D:10:     layout_loops_ring, kennysheep_mini_moat, uniq_lodul
D:11:     nicolae_cairo_tiling_large_dashed, layout_stronghold,
          serial_column_ruins, column_ruins_square_medium,
          column_ruins_columns_plus, column_ruins_corridor_dead_end,
          column_ruins_grid_1, column_ruins_grid_1, uniq_harold, uniq_erica
Temple:   minmay_freezing_vapour_temple
Lair:1:   gammafunk_boulding_lane, layout_layer_cave, serial_bayou_lagoon_a
Lair:2:   layout_big_grid, shoals_dummy_entry, uniq_gastronok, uniq_urug
Lair:3:   layout_cellular_growth, minmay_snake_entry_guardpost_large,
          columned_hall_lemuel, grunt_megastairs_4
Lair:4:   layout_regular_city, slime_entry_2, ebering_ghost_inner_flame
Lair:5:   evilmike_catoblepas_cave, layout_regular_city,
          portal_ice_cave_entry_animals_and_master,
          nicolae_quartered_pool_impasse, uniq_nessos
Orc:1:    layout_diamond_mine, serial_shops, nicolae_shop_window_shopping,
          uniq_jorgrun, uniq_snorg, uniq_nergalle

Skill      XL: |  1  2  3  4  5  6  7  8  9 10 11 12 13 14 15 |
---------------+----------------------------------------------+-----
Spellcasting   | 5 6 7 8 9 10 11 | 11.3
Invocations    | 1 2 3 4 5 6 7 8 10 11 | 11.1
Fighting       | 1 2 3 4 5 6 7 8 9 10 | 10.2
Short Blades   | 1 2 3 4 5 6 7 8 9 10 | 10.2
Long Blades    | 1 2 3 4 5 6 7 8 9 10 | 10.2
Axes           | 1 2 3 4 5 6 7 8 9 10 | 10.2
Maces & Flails | 1 2 3 4 5 6 7 8 9 10 | 10.2
Polearms       | 1 2 3 4 5 6 7 8 9 10 | 10.2
Staves         | 1 2 3 4 5 6 7 8 9 10 | 10.2
Ranged Weapons | 1 2 3 4 5 6 7 8 9 10 | 10.2
Throwing       | 1 2 3 4 5 6 7 8 9 10 | 10.2
Armour         | 1 2 3 4 5 6 7 8 9 10 | 10.2
Shields        | 1 2 3 4 5 6 7 8 9 10 | 10.2
Unarmed Combat | 1 2 3 4 5 6 7 8 9 10 | 10.2
Evocations     | 1 2 3 4 5 6 7 8 9 10 | 10.2
Conjurations   | 1 2 3 4 5 6 7 8 |  8.5
Hexes          | 1 2 3 4 5 6 7 8 |  8.5
Summonings     | 1 2 3 4 5 6 7 8 |  8.5
Necromancy     | 1 2 3 4 5 6 7 8 |  8.5
Translocations | 1 2 3 4 5 6 7 8 |  8.5
Transmutations | 1 2 3 4 5 6 7 8 |  8.5
Fire Magic     | 1 2 3 4 5 6 7 8 |  8.5
Air Magic      | 1 2 3 4 5 6 7 8 |  8.5
Earth Magic    | 1 2 3 4 5 6 7 8 |  8.5
Poison Magic   | 1 2 3 4 5 6 7 8 |  8.5
Dodging        | 5 6 7 8 9 10 11 | 11.1
Stealth        | 5 6 7 8 9 10 11 | 11.0
Ice Magic      | 8 9 10 11 | 11.1

Action                   |  1- 3 |  4- 6 |  7- 9 | 10-12 | 13-15 || total
-------------------------+-------+-------+-------+-------+-------++-------
Melee: Unarmed           |    12 |       |       |       |       ||    12
       Dagger            |       |    36 |     9 |       |       ||    45
       Bite              |       |     1 |    30 |    75 |   102 ||   208
       Short sword       |       |       |   204 |   556 |   492 ||  1252
       Punch             |       |       |     8 |    33 |    46 ||    87
Throw: Dart              |       |       |     3 |    17 |       ||    20
 Cast: Freeze            |    37 |    11 |    12 |    26 |    10 ||    96
       Frozen Ramparts   |     2 |    10 |    30 |    61 |    55 ||   158
       Ozocubu's Armour  |       |     4 |    20 |    53 |    47 ||   124
       Freezing Cloud    |       |       |       |    14 |    65 ||    79
Invok: Potion Petition   |       |       |       |       |     2 ||     2
Evoke: Wand              |       |       |       |     5 |     2 ||     7
  Use: Potion            |       |       |       |     1 |       ||     1
       Scroll            |       |       |       |       |    10 ||    10
 Stab: Sleeping          |     2 |     3 |     8 |    12 |     6 ||    31
       Invisible         |       |       |       |     5 |       ||     5
       Distracted        |       |       |       |     1 |     2 ||     3
Armor: Robe              |    11 |     8 |    35 |    64 |    57 ||   175
Dodge: Dodged            |    19 |    51 |   111 |   214 |   137 ||   532

Table legend: (Time is in decaauts)
 A = Elapsed time spent in this place.
 B = Non-inter-level travel time spent in this place.
 C = Inter-level travel time spent in this place.
 D = Time resting spent in this place.
 E = Time spent auto-exploring this place.
 F = Levels seen in this place.
 G = Mean time per level.
                   A        B        C        D        E       F      G
               +--------+--------+--------+--------+--------+-----+--------+
         Total |  21888 |  21009 |    879 |    911 |  16891 |  18 | 1216.0 |
       Dungeon |  12030 |  11500 |    530 |    325 |   9500 |  11 | 1093.6 |
        Temple |     10 |      5 |      5 |      0 |      0 |   1 |   10.0 |
          Lair |   9751 |   9408 |    343 |    586 |   7327 |   5 | 1950.2 |
  Orcish Mines |     95 |     95 |      0 |      0 |     63 |   1 |   95.0 |
               +--------+--------+--------+--------+--------+-----+--------+

Top non-repeatable levels by time:
  Lair:5: 3476 daAuts
     D:9: 2137 daAuts
  Lair:3: 1976 daAuts
  Lair:2: 1621 daAuts
  Lair:4: 1606 daAuts
    D:10: 1468 daAuts
     D:8: 1437 daAuts
     D:3: 1386 daAuts
     D:7: 1166 daAuts
     D:1: 1095 daAuts
  Lair:1: 1070 daAuts
     D:4: 865 daAuts
     D:2: 865 daAuts
     D:5: 800 daAuts
     D:6: 767 daAuts
